AoeStats
← neelshah38

Arena

506073786Analyzed
2v2 RM · 21d ago on Sep 12, 2026· 64m 51s· 4 players
Game mode
Random Map
Map size
Medium (4 player)
Population
200
Speed
Normal
Resources
Standard
Victory
Conquest
Starting age
Dark Age
Ending age
Imperial Age
RankedLock teamsTeams togetherTeam positionsShared explorationLock speedFull tech treeHidden civsTurbo modeCheats
Victory
Defeat
🇹🇭 Spanish · Thailand
1071
+15
🇮🇳 Franks · India
1002
+17
🇬🇧 Dravidians · United Kingdom
1041
-16
🇬🇧 Aztecs · United Kingdom
1041
-16
theSy
11:37 Feudal Age
15:26 Castle Age
15:10 Double-Bit Axe
27:59 Imperial Age
26:00 Loom
27:26 Wheelbarrow
27:07 Horse Collar
31:51 Bow Saw
34:31 Chemistry
40:35 Two-Man Saw
41:23 Forging
41:19 Scale Barding Armor
41:37 Gold Mining
42:21 Conscription
41:31 Light Cavalry
42:21 Bloodlines
42:37 Husbandry
43:13 Iron Casting
42:07 Cavalier
43:33 Chain Barding Armor
43:34 Paladin
45:16 Blast Furnace
54:57 Hussar
59:26 Hand Cart
61:36 Plate Barding Armor
60:54 Fletching
61:35 Ballistics
62:38 Padded Archer Armor
neelshah38
12:01 Feudal Age
13:23 Loom
13:57 Double-Bit Axe
16:53 Castle Age
27:53 Wheelbarrow
32:19 Imperial Age
31:09 Murder Holes
31:05 Crossbowman
32:23 Hand Cart
34:38 Chemistry
33:41 Cavalier
34:59 Bow Saw
34:46 Gold Mining
38:52 Scale Barding Armor
39:10 Ballistics
44:59 Conscription
44:54 Padded Archer Armor
45:19 Chain Barding Armor
45:52 Gold Shaft Mining
55:56 Plate Barding Armor
55:14 Fletching
Mr Kakoh
11:19 Feudal Age
15:19 Castle Age
13:32 Horse Collar
13:38 Double-Bit Axe
14:07 Stone Mining
14:47 Loom
15:51 Scale Mail Armor
17:01 Forging
17:24 Fletching
18:19 Iron Casting
18:02 Chain Mail Armor
18:23 Fletching
22:43 Bow Saw
24:03 Heavy Plow
25:03 Padded Archer Armor
29:10 Imperial Age
27:11 Gold Mining
28:53 Bodkin Arrow
29:59 Iron Casting
31:56 Chemistry
32:01 Conscription
31:51 Squires
43:06 Plate Mail Armor
43:54 Wheelbarrow
45:04 Wootz Steel
46:36 Blast Furnace
45:21 Elite Urumi Swordsman
47:02 Hand Cart
Henry VIII K/D
13:02 Feudal Age
17:43 Castle Age
16:25 Scale Mail Armor
17:07 Double-Bit Axe
17:36 Forging
17:48 Arson
18:06 Padded Archer Armor
18:25 Gambesons
22:22 Horse Collar
23:35 Bow Saw
23:51 Fletching
26:02 Ballistics
27:00 Iron Casting
26:24 Loom
26:25 Town Watch
27:04 Fortified Wall
27:07 Squires
29:22 Murder Holes
30:39 Wheelbarrow
33:16 Imperial Age
30:43 Stone Mining
30:46 Gold Mining
31:18 Town Patrol
32:03 Chain Mail Armor
32:17 Hand Cart
34:27 Garland Wars
35:44 Blast Furnace
35:43 Plate Mail Armor
35:36 Conscription
36:13 Gold Shaft Mining
35:39 Bodkin Arrow
35:24 Elite Jaguar Warrior
39:28 Elite Skirmisher
41:17 Atlatl
43:24 Bodkin Arrow
43:48 Leather Archer Armor
53:08 Heavy Plow
65:23 Chemistry
65:02 Herbal Medicine
65:18 Fervor
65:29 Sanctity
Connection lost

Rejoining the realm…

Still unreachable

The connection could not be restored.

Session expired

The server has moved on; the page needs a fresh start.